[Event "Late-Titled-Tuesday-Blitz-October-10-2023"]
[Site "Chess.com"]
[Date "2023.10.10"]
[Round "6"]
[White "nitpicker"]
[Black "RIPOL"]
[Result "0-1"]
[WhiteElo "2267"]
[BlackElo "2437"]
[TimeControl "180+1"]
[EndTime "15:02:10 PDT"]
[Termination "RIPOL won on time"]

1. d4 Nf6 2. c4 e6 3. g3 d5 4. Nf3 dxc4 5. Bg2 Bd7 6. Ne5 Bc6 7. Nxc6 Nxc6 8. e3 Qd7 9. O-O Rb8 10. b3 cxb3 11.
Qxb3 Bd6 12. Bb2 O-O 13. Nd2 e5 14. Nc4 exd4 15. Nxd6 cxd6 16. exd4 d5 17. Rac1 Rfe8 18. Rc5 Rbd8 19. Rb5 b6 20. Rc1 Na5 21. Qb4 Ne4 22.
f3 Nf6 23. a4 Nc4 24. Rxc4 dxc4 25. Qxc4 Nd5 26. Rb3 Ne3 27. Qb5 Nxg2 28. Kxg2 h5 29. h4 Qxb5 30. axb5 Rd5 31. Kf2 Rc8 32. Ke3 Rc2 33. Ke4 Rd7 34. Bc3 g6 35. d5 Rg2 36. Kd4 Rxg3 0-1

[Event "Late-Titled-Tuesday-Blitz-October-10-2023"]
[Site "Chess.com"]
[Date "2023.10.10"]
[Round "6"]
[White "carloseduar100"]
[Black "cande_francisco"]
[Result "0-1"]
[WhiteElo "2333"]
[BlackElo "2533"]
[TimeControl "180+1"]
[EndTime "15:02:13 PDT"]
[Termination "cande_francisco won on time"]

1. e4 c5 2. Nf3 g6 3. Nc3 Bg7 4. Bc4 Nc6 5. O-O e6 6. Re1 Nge7 7. h3 O-O 8. d3 a6 9. a4 d5 10. exd5 exd5 11. Ba2 h6 12. Bf4 Be6 13. Qd2 Kh7 14. Re2 Rc8 15. Rae1 Qd7 16. Nd1 Nf5 17. c3 Rfe8 18. d4 cxd4 19. cxd4 Nd6 20. Ne5 Nxe5 21.
Bxe5 Ne4 22. Qf4 g5 23. Qh2 f6 24. f3 fxe5 25. fxe4 dxe4 26. Bxe6 Qxd4+ 27. Kh1 Rxe6 28. Nc3 Ree8 29. Rxe4 Qd7 30. Qg1 Rf8 31. Qe3 Rf7 32. Rb4 Rcf8 33. Qe4+ Kh8 34. Qd5 Qc7 35. Ne4 Rf4 36.
Rxb7 Qc2 37. Rxg7 Kxg7 38. Qxe5+ Kg8 0-1

[Event "Late-Titled-Tuesday-Blitz-October-10-2023"]
[Site "Chess.com"]
[Date "2023.10.10"]
[Round "6"]
[White "arminmusovic"]
[Black "Arimin1329"]
[Result "1-0"]
[WhiteElo "2510"]
[BlackElo "2300"]
[TimeControl "180+1"]
[EndTime "15:02:14 PDT"]
[Termination "arminmusovic won on time"]

1. a3 g6 2. Nc3 Bg7 3. e4 c5 4.
Bc4 e6 5. d3 Ne7 6. Bg5 Nbc6 7.
Nge2 a6 8. Ba2 b5 9. O-O Bb7 10. f4 Qc7 11. Qd2 d6 12. Rae1 b4 13. axb4 cxb4 14. Nd1 a5 15. c3 b3 16. Bb1 a4 17.
d4 d5 18. f5 dxe4 19. f6 O-O 20. fxg7 Rfe8 21. Bxe4 a3 22. bxa3 Rxa3 23. Bb1 Na5 24. Qf4 Qxf4 25. Nxf4 Nc4 26. Nd3 Nd5 27. Nc5 Bc6 28.
Bh6 Ra1 29. Bd3 b2 30. Nf2 Rxe1 31. Rxe1 Na3 32. Ng4 f5 33. Ne5 Bb5 34. c4 1-0

[Event "Late-Titled-Tuesday-Blitz-October-10-2023"]
[Site "Chess.com"]
[Date "2023.10.10"]
[Round "6"]
[White "Msb2"]
[Black "kleinebeer98"]
[Result "1-0"]
[WhiteElo "3041"]
[BlackElo "2857"]
[TimeControl "180+1"]
[EndTime "15:02:16 PDT"]
[Termination "Msb2 won by checkmate"]

1. d4 d5 2. c4 e5 3. dxe5 d4 4.
Nf3 Nc6 5. a3 a5 6. Nbd2 Nge7 7.
Nb3 Nf5 8. Bg5 Be7 9. Bxe7 Qxe7 10.
Nbxd4 Ncxd4 11. Nxd4 Qxe5 12. e3 O-O 13. Nxf5 Bxf5 14.
Qd4 Qe6 15. Be2 Rad8 16. Qf4 Be4 17. O-O Rd2 18. Bf3 Bxf3 19. Qxf3 Rxb2 20. Rab1 Rxb1 21. Rxb1 b6 22. Qf4 Qe7 23. h4 h6 24. a4 Rd8 25. h5 Qc5 26. Rb5 Qc6 27. Kh2 Rd6 28. c5 Rf6 29. Qg3 bxc5 30. f3 c4 31. Qe5 Re6 32. Rb8+ Kh7 33. Qf5+ Rg6 34. hxg6+ fxg6 35. Qf8 g5 36. Re8 Kg6 37. Qe7 Kh5 38. Qe6 Qxa4 39. Qf7+ g6 40. Qe6 c3 41. Qh3+ Qh4 42. g4# 1-0

[Event "Late-Titled-Tuesday-Blitz-October-10-2023"]
[Site "Chess.com"]
[Date "2023.10.10"]
[Round "6"]
[White "Roberz12"]
[Black "rezamahdavi2008"]
[Result "1/2-1/2"]
[WhiteElo "2484"]
[BlackElo "2866"]
[TimeControl "180+1"]
[EndTime "15:02:16 PDT"]
[Termination "Game drawn - insufficient material"]

1. e3 Nf6 2. Nf3 g6 3. b3 Bg7 4. Bb2 d6 5. Be2 O-O 6. O-O e5 7. c4 e4 8. Ne1 c6 9. d3 d5 10. Nd2 Qe7 11. cxd5 cxd5 12. dxe4 dxe4 13. Qc1 Rd8 14. Nc4 Nc6 15. Nc2 h5 16. Nd4 Bg4 17.
Nxc6 bxc6 18. Bxg4 Nxg4 19. Bxg7 Kxg7 20. Qc3+ Nf6 21.
Rfd1 Rd5 22. Rd2 Rad8 23. Rad1 Qc5 24. h3 h4 25. Qb2 Rd3 26. Rxd3 exd3 27. Ne5 Qc2 28.
Qa1 Rd5 29. Nc4 d2 30. e4 Qxe4 31. Rxd2 Rxd2 32. Nxd2 Qf4 33. Nc4 Kg8 34. Qe5 Qc1+ 35. Kh2 Nd5 36. Nd6 Qf4+ 37. Qxf4 Nxf4 38. Nc8 Kf8 39. Nxa7 c5 40. Nc8 Ke8 41. Nd6+ Ke7 42. Ne4 Nd3 43. Kg1 f5 44. Nc3 Kd6 45. Kf1 c4 46.
bxc4 Kc5 47. Nd5 Kxc4 48. Ne7 Nf4 49. g3 hxg3 50. fxg3 Nxh3 51. Nxg6 Ng5 52. Nh4 Ne4 53. Kg2 Nxg3 54. Kxg3 Kb4 55. Nxf5 Ka3 56. Ne3 Kxa2 1/2-1/2

[Event "Late-Titled-Tuesday-Blitz-October-10-2023"]
[Site "Chess.com"]
[Date "2023.10.10"]
[Round "6"]
[White "hellokostya"]
[Black "vladoboch"]
[Result "1-0"]
[WhiteElo "2640"]
[BlackElo "2465"]
[TimeControl "180+1"]
[EndTime "15:02:16 PDT"]
[Termination "hellokostya won by resignation"]

1. Nf3 c5 2. e4 Nc6 3. Bb5 e6 4. O-O Nge7 5. Re1 a6 6. Bf1 d5 7.
exd5 Nxd5 8. d4 Nf6 9. h3 Be7 10. Be3 cxd4 11. Nxd4 Bd7 12. Nb3 O-O 13. c4 Qc7 14. Nc3 Na5 15. Nd2 Rfd8 16. Rb1 Bb4 17. Qc2 b5 18. a3 Bxc3 19. Qxc3 Nxc4 20. b3 Nd5 21. Qc1 Ncxe3 22. Qxc7 Nxc7 23. Rxe3 Bc6 24. Rc3 Rxd2 25. Rxc6 Nd5 26. Rbc1 g6 27. g3 Kg7 28. Bg2 a5 29. R6c5 b4 30. a4 Rd3 31. Bxd5 exd5 32.
Rb1 d4 33. Kf1 Rc3 34. Rd5 d3 35. h4 h5 36. Kg2 Kf6 37. Kf3 Re8 38. Kg2 Re4 39.
Kf3 d2+ 40. Kxe4 1-0

[Event "Late-Titled-Tuesday-Blitz-October-10-2023"]
[Site "Chess.com"]
[Date "2023.10.10"]
[Round "6"]
[White "ItalianMachine"]
[Black "Mariia89"]
[Result "1-0"]
[WhiteElo "2411"]
[BlackElo "2074"]
[TimeControl "180+1"]
[EndTime "15:02:16 PDT"]
[Termination "ItalianMachine won on time"]

1. e4 c6 2. d4 d5 3. e5 Bf5 4.
Nf3 e6 5. c4 dxc4 6. Bxc4 Nd7 7.
Nc3 Nb6 8. Bb3 Bb4 9. O-O Bg4 10. Be3 Ne7 11. h3 Bh5 12. g4 Bg6 13. Ng5 Ned5 14.
Nge4 Nxc3 15. Nxc3 Bxc3 16. bxc3 Qh4 17. Qf3 h5 18.
Qg3 Qxg3+ 19. fxg3 hxg4 20. hxg4 O-O-O 21. c4 Bd3 22. Rfc1 f6 23. exf6 gxf6 24. g5 Rh3 25. gxf6 Rdh8 26.
Kf2 Nd7 27. Bg5 R3h5 28. Bh4 Rf5+ 29. Ke3 Nxf6 30. Kxd3 Rf3+ 31. Ke2 Rf5 32. Rf1 Rf8 33. Rxf5 exf5 34. Rf1 Ne4 35. c5 Kd7 36. Ke3 a5 37. g4 1-0

[Event "Late-Titled-Tuesday-Blitz-October-10-2023"]
[Site "Chess.com"]
[Date "2023.10.10"]
[Round "6"]
[White "acertijo08"]
[Black "sergeikim"]
[Result "1-0"]
[WhiteElo "2406"]
[BlackElo "2575"]
[TimeControl "180+1"]
[EndTime "15:02:18 PDT"]
[Termination "acertijo08 won by resignation"]

1. e4 e5 2. Nf3 Nc6 3. Bc4 Bc5 4. O-O Nf6 5. d3 d6 6. c3 a6 7. a4 Ba7 8. h3 O-O 9. Nbd2 Nh5 10. Re1 Qf6 11.
Nf1 Nf4 12. Be3 Be6 13. Bxa7 Rxa7 14. Ne3 Ne7 15. d4 Raa8 16. Bf1 Rad8 17. Kh2 Qh6 18. Ng1 c5 19. g3 Nfg6 20. d5 Bc8 21. Ng4 Qg5 22.
Nf3 Qh5 23. Nfxe5 Bxg4 24. Nxg4 Kh8 25. Be2 f5 26. Ne3 Qh6 27. exf5 Nxf5 28. Nxf5 Rxf5 29. Rf1 Rdf8 30. f4 Nxf4 31. Bg4 R5f6 32. gxf4 Rxf4 33. Qe2 Qf6 34. Kg2 Qg6 35. Rxf4 Rxf4 36. Rf1 Rxf1 37. Qxf1 h5 38. Qf5 1-0

[Event "Late-Titled-Tuesday-Blitz-October-10-2023"]
[Site "Chess.com"]
[Date "2023.10.10"]
[Round "6"]
[White "venturov"]
[Black "matagordo"]
[Result "1-0"]
[WhiteElo "2430"]
[BlackElo "2221"]
[TimeControl "180+1"]
[EndTime "15:02:18 PDT"]
[Termination "venturov won on time"]

1. e4 e6 2. Nf3 d5 3. e5 c5 4. b4 b6 5. a3 Nc6 6. c3 d4 7.
Bb2 Nh6 8. b5 Na5 9. cxd4 Nf5 10. dxc5 Bxc5 11. d4 Be7 12. Bd3 Bb7 13. Nbd2 Nh4 14.
Nxh4 Bxh4 15. O-O O-O 16. Ne4 Qd5 17. Qh5 f5 18. f3 Be7 19. Rac1 Nb3 20. Rc7 Rae8 21.
Bc4 Qd8 22. Bxe6+ Kh8 23. Rxb7 fxe4 24. Bxb3 Bg5 25. d5 Qc8 26. Rf7 Qc5+ 27. Kh1 Rxf7 28.
Qxf7 Rf8 29. Qh5 Be3 30. e6 exf3 31. Rxf3 Bf4 32. Qg4 Rg8 33. Qxf4 1-0

[Event "Late-Titled-Tuesday-Blitz-October-10-2023"]
[Site "Chess.com"]
[Date "2023.10.10"]
[Round "6"]
[White "Mikhal867"]
[Black "talaicito"]
[Result "1-0"]
[WhiteElo "2465"]
[BlackElo "2235"]
[TimeControl "180+1"]
[EndTime "15:02:20 PDT"]
[Termination "Mikhal867 won on time"]

1. d4 e6 2. e4 d5 3. Nc3 dxe4 4. Nxe4 Nf6 5. Nxf6+ gxf6 6. Nf3 a6 7. Bd3 Nc6 8. O-O Nb4 9. Bc4 b5 10. Bb3 Bb7 11.
a3 Nd5 12. c4 bxc4 13. Ba4+ Ke7 14. Qe2 Nb6 15. Bc2 Qd5 16. Bf4 h5 17. Bxc7 Rg8 18. Kh1 Bh6 19. Bxb6 Rxg2 20. Bc5+ Kd7 21. Kxg2 Rg8+ 22.
Kh3 Qxf3+ 23. Qxf3 Bxf3 24. Rg1 Bg4+ 25. Rxg4 hxg4+ 26. Kg2 Bf4 27. Rh1 f5 28. Bd1 Kc6 29. Be2 Kd5 30. Kf1 e5 31. h3 g3 32. fxg3 Rxg3 33.
Rg1 Rxh3 34. Rg7 exd4 35. Bb4 d3 36. Bd1 Be3 37. Kg2 Rh4 38. Bf3+ Ke6 39. Rg8 1-0

[Event "Late-Titled-Tuesday-Blitz-October-10-2023"]
[Site "Chess.com"]
[Date "2023.10.10"]
[Round "6"]
[White "cthake"]
[Black "Sacbutt"]
[Result "0-1"]
[WhiteElo "1954"]
[BlackElo "2191"]
[TimeControl "180+1"]
[EndTime "15:02:20 PDT"]
[Termination "Sacbutt won by checkmate"]

1. e4 c5 2. Nf3 d6 3. d4 cxd4 4. Nxd4 Nf6 5. Nc3 a6 6. Bc4 e6 7. Be3 b5 8. Bb3 Be7 9. Qd2 O-O 10. f3 Qc7 11. g4 b4 12. Nce2 a5 13. a4 Nc6 14. g5 Nd7 15. h4 Nc5 16. Nb5 Qb8 17.
Ned4 Bb7 18. O-O-O Rc8 19. Kb1 Nxb3 20. Nxb3 Ne5 21. Qf2 Ba6 22. N3d4 Nc4 23. Bc1 Bf8 24. h5 e5 25. Nf5 Bxb5 26. axb5 Qxb5 27. g6 Na3+ 28.
bxa3 bxa3+ 29. Ka1 Rab8 30. gxf7+ Kh8 31. Bxa3 Qa4 32.
Rd3 Rxc2 33. Qg1 Rb3 34. Rxb3 Qxb3 35. Qe3 Qa2# 0-1

[Event "Late-Titled-Tuesday-Blitz-October-10-2023"]
[Site "Chess.com"]
[Date "2023.10.10"]
[Round "6"]
[White "h4parah5"]
[Black "realmadridfc123"]
[Result "1-0"]
[WhiteElo "2937"]
[BlackElo "2811"]
[TimeControl "180+1"]
[EndTime "15:02:21 PDT"]
[Termination "h4parah5 won by resignation"]

1. d4 d5 2. Nf3 Nf6 3. c3 Nbd7 4. Bf4 c5 5. e3 Qb6 6. Qb3 e6 7. Nbd2 c4 8. Qc2 Nh5 9. Be5 Nxe5 10. dxe5 g6 11.
Nd4 Qc7 12. f4 Ng7 13. e4 Bd7 14. g3 O-O-O 15. Bg2 dxe4 16. Qxe4 Nf5 17. Nxf5 gxf5 18. Qxc4 Qxc4 19. Nxc4 Bb5 20. Na5 b6 21. a4 Ba6 22.
Nc6 Rd7 23. Rd1 Rxd1+ 24. Kxd1 Bc4 25. Kc2 a5 26. Rd1 Bc5 27. b4 axb4 28. cxb4 Be3 29. Kc3 b5 30. axb5 Bxb5 31. Nd4 Rd8 32. Bf3 Ba4 33. Rd3 Bg1 34. Bh5 Be8 35. Nf3 Bb6 36. Ng5 Rxd3+ 37. Kxd3 h6 38. Nxf7 Kd7 39. Bg6 Ke7 40.
Nd6 Bxg6 41. Nc8+ Kd7 42. Nxb6+ Kc6 43. Nc4 Kb5 44. Kc3 Kc6 45. Nd6 Kd5 46. b5 Bh5 47. b6 1-0

[Event "Late-Titled-Tuesday-Blitz-October-10-2023"]
[Site "Chess.com"]
[Date "2023.10.10"]
[Round "6"]
[White "Mikhail_Golubev"]
[Black "santosalberto1987"]
[Result "0-1"]
[WhiteElo "2591"]
[BlackElo "2470"]
[TimeControl "180+1"]
[EndTime "15:02:21 PDT"]
[Termination "santosalberto1987 won on time"]

1. e4 e6 2. d4 d5 3. Bd3 dxe4 4.
Bxe4 Nf6 5. Bf3 Bd6 6. Ne2 O-O 7. O-O e5 8. Nbc3 c6 9. Bg5 Nbd7 10. d5 cxd5 11.
Nxd5 h6 12. Nxf6+ Nxf6 13. Bxf6 Qxf6 14. Nc3 Qg6 15. Qe2 f5 16. Bd5+ Be6 17. Qc4 Bxd5 18. Qxd5+ Kh7 19. Rad1 Rf6 20. Qxb7 Rb8 21. Qxa7 Rxb2 22.
Nd5 Rf7 23. Qa4 e4 24. f4 Bc5+ 25. Kh1 Ra7 26. Qc4 Bd6 27. Ne3 Raxa2 28. Qd5 Be7 29. Nxf5 Rxc2 30. Nh4 Qc6 31. Qf5+ Kg8 32. Ng6 Bf6 0-1

[Event "Late-Titled-Tuesday-Blitz-October-10-2023"]
[Site "Chess.com"]
[Date "2023.10.10"]
[Round "6"]
[White "Dannyyi"]
[Black "Noki102"]
[Result "1-0"]
[WhiteElo "2294"]
[BlackElo "2452"]
[TimeControl "180+1"]
[EndTime "15:02:22 PDT"]
[Termination "Dannyyi won by resignation"]

1. e4 e5 2. Nf3 Nc6 3. Bc4 Nf6 4. d3 Be7 5. O-O O-O 6. a4 d6 7. Nc3 Kh8 8. Re1 Bg4 9. h3 Bh5 10. Be3 Qd7 11. Nd5 Nxd5 12. exd5 Nd8 13. Nxe5 dxe5 14. Qxh5 f5 15. Bg5 Bd6 16. Bb5 Qf7 17. Qxf7 Nxf7 18.
Bd2 a6 19. Bc4 g5 20. b4 Kg7 21. b5 a5 22. b6 cxb6 23. Be3 Bb4 24. Reb1 Nd6 25. Bb3 Bc5 26. Bxg5 f4 27. Re1 Rf5 28. Bh4 Raf8 29. c3 Rh5 30. Be7 Rf7 31. Bd1 Rh6 32. Bxd6 Rxd6 33. Rxe5 Kf6 34. d4 Rfd7 35. Re6+ Rxe6 36.
dxe6 Kxe6 37. dxc5 bxc5 38. Bg4+ 1-0

[Event "Late-Titled-Tuesday-Blitz-October-10-2023"]
[Site "Chess.com"]
[Date "2023.10.10"]
[Round "6"]
[White "karinachess1"]
[Black "orestn"]
[Result "1-0"]
[WhiteElo "2595"]
[BlackElo "2395"]
[TimeControl "180+1"]
[EndTime "15:02:26 PDT"]
[Termination "karinachess1 won by resignation"]

1. d4 d5 2. c4 e6 3. Nc3 Nf6 4.
cxd5 exd5 5. Bg5 Nbd7 6. e3 Be7 7. Bd3 O-O 8. Qc2 Re8 9. Nge2 Nf8 10. O-O g6 11. Ng3 Ne6 12. Bxf6 Bxf6 13. f4 c6 14. f5 Nf8 15. Rf3 Bg5 16. Qf2 b5 17. Rf1 b4 18.
Nd1 a5 19. Qc2 Bd7 20. fxg6 fxg6 21. e4 Ne6 22. Ne2 Qb6 23. exd5 Nxd4 24. Nxd4 Qxd4+ 25. Kh1 cxd5 26. Bxg6 hxg6 27. Qxg6+ Qg7 28. Qxg7+ Kxg7 29. Rf7+ Kg6 30. Rxd7 Rad8 31. Rxd8 Rxd8 32. Nf2 d4 33. Nd3 Be3 34. g4 Rc8 35. h4 Rc2 36. Ne5+ Kg7 37.
g5 Rxb2 38. Rf7+ Kg8 39. g6 Rxa2 40. Ng4 Ra1+ 41. Kh2 1-0

[Event "Late-Titled-Tuesday-Blitz-October-10-2023"]
[Site "Chess.com"]
[Date "2023.10.10"]
[Round "6"]
[White "SaqoChess_Twitch"]
[Black "UK_23"]
[Result "1-0"]
[WhiteElo "2625"]
[BlackElo "2384"]
[TimeControl "180+1"]
[EndTime "15:02:27 PDT"]
[Termination "SaqoChess_Twitch won by resignation"]

1. d4 d5 2. c4 e6 3. Nc3 Nf6 4. Nf3 Be7 5. Bg5 O-O 6. e3 b6 7. cxd5 Nxd5 8. Bxe7 Qxe7 9. Nxd5 exd5 10. Bd3 Be6 11.
O-O c5 12. dxc5 bxc5 13. Rc1 Nd7 14. Bb1 Rfc8 15. e4 d4 16. b3 a5 17. Nd2 a4 18.
f4 f6 19. Qc2 Bf7 20. e5 g6 21.
exf6 Nxf6 22. Rce1 Qa7 23. f5 g5 24. Ne4 Nxe4 25. Qxe4 Re8 26. Qg4 h6 27. h4 Rxe1 28.
Rxe1 Qa5 29. Re7 Qd2 30. Be4 axb3 31. hxg5 hxg5 32. Bxa8 bxa2 33. Ra7 Qc1+ 34. Kh2 a1=Q 35. Rxa1 Qxa1 36. Qxg5+ Kf8 37. Qd8+ Kg7 38. f6+ Kg6 39. Be4+ Kg5 40. Qe7 Qc1 41. Qe5+ Kh6 42. Qf5 Qe3 43. Qh7+ Kg5 44. Qg7+ Kf4 45. Bf3 Qe6 46. Qg3+ Kf5 47.
Bg4+ 1-0

[Event "Late-Titled-Tuesday-Blitz-October-10-2023"]
[Site "Chess.com"]
[Date "2023.10.10"]
[Round "6"]
[White "BeyondMadness"]
[Black "Bala-Afiada"]
[Result "1-0"]
[WhiteElo "2320"]
[BlackElo "1940"]
[TimeControl "180+1"]
[EndTime "15:02:27 PDT"]
[Termination "BeyondMadness won by resignation"]

1. d4 Nf6 2. c4 e6 3. Nc3 d5 4.
cxd5 exd5 5. Bg5 Be7 6. Qc2 c6 7. e3 O-O 8. Bd3 Re8 9. Bxf6 Bxf6 10. Bxh7+ Kh8 11. Nge2 Bg4 12. Bd3 Nd7 13. O-O Rc8 14. Bf5 Bxf5 15. Qxf5 g6 16. Qd3 Kg7 17. b4 Rh8 18. b5 Qc7 19. h3 Rh4 20. bxc6 bxc6 21. Rab1 Rch8 22. Ng3 Bd8 23. Qa6 Nb6 24. a4 Qd6 25. a5 Nc4 26. Rb7 Bc7 27. Qxa7 Rc8 28. Qc5 Qxc5 29. dxc5 Nxa5 30. Ra7 Nb3 31. Na4 Nd2 32.
Rd1 Nc4 33. Ne2 Ne5 34. Nd4 Rh5 35. Nb6 Bxb6 36. cxb6 Rb8 37. b7 Rhh8 38. Rc1 Rhd8 39. Nxc6 Nxc6 40. Rxc6 Rd7 41. Rb6 Rdxb7 42. Rbxb7 1-0

[Event "Late-Titled-Tuesday-Blitz-October-10-2023"]
[Site "Chess.com"]
[Date "2023.10.10"]
[Round "6"]
[White "topin8"]
[Black "GMJustin"]
[Result "1/2-1/2"]
[WhiteElo "2412"]
[BlackElo "2193"]
[TimeControl "180+1"]
[EndTime "15:02:32 PDT"]
[Termination "Game drawn by repetition"]

1. e4 e5 2. Nf3 Nc6 3. Bb5 a6 4. Ba4 Be7 5. O-O Nf6 6. d3 d6 7. Bd2 Bg4 8. h3 Bxf3 9. Qxf3 b5 10. Bb3 Nd4 11. Qd1 a5 12. c3 Nxb3 13. Qxb3 Rb8 14. a4 Qd7 15. axb5 Qxb5 16. Qxb5+ Rxb5 17. b4 axb4 18. Ra8+ Bd8 19. cxb4 O-O 20. Na3 Rb7 21. Nc4 Be7 22. Rxf8+ Kxf8 23. Ra1 Ke8 24. f3 Kd7 25. Kf2 h5 26. g4 hxg4 27. hxg4 g6 28. Ra6 Kc8 29. Ke2 Nd7 30. Na5 Rb6 31. Ra8+ Rb8 32. Ra7 Rb6 33. Ra8+ Rb8 34. Ra7 Rb6 35. Ra8+ 1/2-1/2

[Event "Late-Titled-Tuesday-Blitz-October-10-2023"]
[Site "Chess.com"]
[Date "2023.10.10"]
[Round "6"]
[White "BogdanDeac"]
[Black "Elsa167"]
[Result "0-1"]
[WhiteElo "3008"]
[BlackElo "2939"]
[TimeControl "180+1"]
[EndTime "15:02:33 PDT"]
[Termination "Elsa167 won on time"]

1. e4 e6 2. Qe2 Be7 3. e5 d6 4. d4 c5 5. Qg4 cxd4 6. Bb5+ Kf8 7. Qxd4 dxe5 8. Qxe5 Nd7 9. Qe2 a6 10. Bxd7 Bxd7 11.
Nf3 Bf6 12. O-O Ne7 13. Nbd2 Bc6 14. Ne4 Bxe4 15. Qxe4 Qd5 16. Qe2 h6 17. Rd1 Qc6 18.
Bf4 Ng6 19. Be5 Kg8 20. Bxf6 gxf6 21. c3 Kg7 22. Rd4 Rhd8 23. g3 Rxd4 24. Nxd4 Qd5 25.
Rd1 Rd8 26. Rd3 Kg8 27. b3 e5 28. c4 Qd7 29. h4 exd4 30. Qe4 Ne5 31. Rd1 Qg4 0-1

[Event "Late-Titled-Tuesday-Blitz-October-10-2023"]
[Site "Chess.com"]
[Date "2023.10.10"]
[Round "6"]
[White "josiur"]
[Black "AleksandrAleksikov"]
[Result "0-1"]
[WhiteElo "2465"]
[BlackElo "2270"]
[TimeControl "180+1"]
[EndTime "15:02:33 PDT"]
[Termination "AleksandrAleksikov won by resignation"]

1. d4 Nf6 2. Nf3 g6 3. Nc3 Bg7 4.
e4 d6 5. Be2 O-O 6. O-O c6 7.
a4 a5 8. h3 Nbd7 9. e5 Ne8 10.
Bf4 Qc7 11. exd6 Nxd6 12. d5 c5 13. Nb5 Qb6 14. Bxd6 exd6 15. c3 Ne5 16. Nd2 f5 17. f4 Nf7 18. Nc4 Qd8 19. Bf3 Re8 20. Qd2 b6 21.
Rae1 Rxe1 22. Rxe1 Ba6 23. Re6 Bxb5 24. axb5 Bf8 25.
Qe2 Rb8 26. Ne3 a4 27. Qc4 Ra8 28. Qa2 Qd7 29. Be2 Nd8 30. Bc4 Kg7 31. b3 a3 32.
g4 fxg4 33. hxg4 Nxe6 34. dxe6 Qe7 35. Bd5 Ra5 36. c4 Qh4 37. Qa1+ Qf6 38. Nc2 a2 39. g5 Qxa1+ 40. Nxa1 h6 41. Kf2 hxg5 42. fxg5 Be7 43. Kf3 Bxg5 44. Kg4 Bf6 45. Kf3 Kf8 46. Nc2 Ke7 47.
Ke4 a1=Q 48. Nxa1 Rxa1 0-1

[Event "Late-Titled-Tuesday-Blitz-October-10-2023"]
[Site "Chess.com"]
[Date "2023.10.10"]
[Round "6"]
[White "PatzerSmashers"]
[Black "SanchezKelvin"]
[Result "1-0"]
[WhiteElo "2410"]
[BlackElo "2587"]
[TimeControl "180+1"]
[EndTime "15:02:37 PDT"]
[Termination "PatzerSmashers won by resignation"]

1. Nf3 b6 2. g3 Bb7 3. Bg2 Nf6 4. b3 e6 5. O-O c5 6. Bb2 Be7 7. c4 O-O 8. d3 d6 9. a3 Nbd7 10. Nbd2 a6 11. e3 Qc7 12. Qe2 b5 13. Rac1 Rac8 14.
d4 bxc4 15. Nxc4 Qb8 16. dxc5 Nxc5 17. b4 Nce4 18. Nd4 Bd8 19. Nb3 h6 20. Nca5 Rxc1 21. Rxc1 Bb6 22. Qd3 d5 23. Bd4 Bxd4 24. Qxd4 Bc8 25.
Nc5 e5 26. Qd3 Nxc5 27. Rxc5 e4 28. Qd4 Qb6 29. Rxc8 Rxc8 30. Qxb6 Rc1+ 31. Bf1 Ng4 32. Qxa6 Ne5 33. Qa8+ Kh7 34. Qxd5 Nf3+ 35. Kg2 Ne1+ 36. Kh3 1-0

[Event "Late-Titled-Tuesday-Blitz-October-10-2023"]
[Site "Chess.com"]
[Date "2023.10.10"]
[Round "6"]
[White "GMBenjaminBok"]
[Black "frederiksvane"]
[Result "1-0"]
[WhiteElo "3022"]
[BlackElo "2905"]
[TimeControl "180+1"]
[EndTime "15:02:38 PDT"]
[Termination "GMBenjaminBok won on time"]

1. d4 Nf6 2. c4 e6 3. Nc3 Bb4 4. Qc2 O-O 5. a3 Bxc3+ 6. Qxc3 d5 7. Bg5 h6 8. Bxf6 Qxf6 9. Nf3 dxc4 10. Qxc4 Nc6 11.
Qc3 Re8 12. Rd1 e5 13. d5 Nb8 14. e3 Bg4 15. Be2 Nd7 16. O-O Qd6 17. h3 Bh5 18. e4 a6 19. Rfe1 Rac8 20. Nd2 Bxe2 21. Rxe2 b5 22. Rc1 f5 23. Qc6 Nf6 24. exf5 Nxd5 25. Ne4 Qxc6 26. Rxc6 Ne7 27. Rxa6 Nxf5 28. Rc2 Nd4 29.
Rc5 Re7 30. Ra7 Rd7 31. Nc3 Kf7 32. Nxb5 Nxb5 33. Rxb5 Rd1+ 34. Kh2 Rd2 35. f3 Ke6 36. Ra6+ c6 37. Rb7 g5 38. Raa7 1-0

[Event "Late-Titled-Tuesday-Blitz-October-10-2023"]
[Site "Chess.com"]
[Date "2023.10.10"]
[Round "6"]
[White "lamomiajunior"]
[Black "Harsha_Bharathakoti"]
[Result "1/2-1/2"]
[WhiteElo "2742"]
[BlackElo "2901"]
[TimeControl "180+1"]
[EndTime "15:02:38 PDT"]
[Termination "Game drawn - insufficient material"]

1. d4 Nf6 2. c4 g6 3. Nc3 d5 4. Nf3 Bg7 5. h4 c6 6. cxd5 cxd5 7. Bf4 Nc6 8. e3 O-O 9. Qb3 Na5 10. Qa3 Nc6 11. Ne5 Nh5 12. Nxc6 bxc6 13. Bh2 e6 14. Bd6 Re8 15. Be2 e5 16. dxe5 Bxe5 17. Bxe5 Rxe5 18. g4 Nf6 19. g5 Ne4 20. Nxe4 Rxe4 21. Rc1 Bd7 22. Bd3 Re5 23. Qc3 Qe7 24. Qd4 a5 25. Kd2 Rb8 26. a3 Bf5 27. f4 Bxd3 28. Qxe5 Qxe5 29.
fxe5 Be4 30. Rhd1 Rxb2+ 31. Ke1 Rb3 32. Rxc6 Rxe3+ 33. Kf2 Rf3+ 34. Ke2 Rxa3 35. Rf6 a4 36. Rc1 Bd3+ 37. Kd2 Bc4 38. Rb1 Rd3+ 39. Kc2 d4 40.
Rb8+ Kg7 41. Rc8 Rc3+ 42. Kd2 a3 43. e6 Bxe6 44. Rxc3 dxc3+ 45. Kc2 a2 46. Rf1 h6 47.
Kxc3 hxg5 48. hxg5 Kf8 49. Kb2 Ke7 50. Rd1 f6 51. gxf6+ Kxf6 52. Re1 g5 53. Rf1+ Kg6 54. Re1 Bd5 55. Rd1 Be6 56. Re1 Bf7 57. Rg1 Kf6 58. Rf1+ Kg7 59. Rg1 Kg6 60. Ka1 Be6 61. Re1 Kf6 62.
Rf1+ Ke7 63. Rg1 g4 64. Rxg4 Bxg4 65. Kxa2 1/2-1/2

[Event "Late-Titled-Tuesday-Blitz-October-10-2023"]
[Site "Chess.com"]
[Date "2023.10.10"]
[Round "6"]
[White "pedromartinez91"]
[Black "AungTZ"]
[Result "0-1"]
[WhiteElo "2528"]
[BlackElo "2073"]
[TimeControl "180+1"]
[EndTime "15:02:38 PDT"]
[Termination "AungTZ won by resignation"]

1. d4 Nf6 2. c4 e6 3. Nc3 Bb4 4.
Qd3 c5 5. d5 O-O 6. Nf3 exd5 7.
cxd5 d6 8. g3 Nbd7 9. Bg2 Re8 10. O-O a6 11. Bf4 Bxc3 12. bxc3 Nf8 13. Rfe1 b5 14. e4 h6 15. e5 dxe5 16. Nxe5 Bb7 17. c4 bxc4 18. Qxc4 Bxd5 19. Qxc5 Bxg2 20. Kxg2 Ne6 21.
Qc4 Rc8 22. Qa4 Qd5+ 23. Kg1 Nd4 24. Be3 Nc2 25. Ng4 Nxg4 26. Qxg4 Nxe1 27. Rxe1 Rc6 28. Rd1 Qe6 29. Qe2 Qg6 30. h4 Rc2 31. Rd2 Rxd2 32. Qxd2 Qc6 33. Qd4 Rb8 34. Qd3 Qb5 35.
Qd6 Re8 36. Qd4 Qb1+ 37. Kh2 Qxa2 38. Bd2 Qe6 39. Bc3 f6 40. Qa7 Qc6 41. Bd4 Re1 42. g4 Qf3 43. Qa8+ Qxa8 0-1

[Event "Late-Titled-Tuesday-Blitz-October-10-2023"]
[Site "Chess.com"]
[Date "2023.10.10"]
[Round "6"]
[White "BulteniBo"]
[Black "BardArtem"]
[Result "1-0"]
[WhiteElo "2544"]
[BlackElo "2770"]
[TimeControl "180+1"]
[EndTime "15:02:40 PDT"]
[Termination "BulteniBo won by resignation"]

1. e4 e5 2. Nf3 Nc6 3. Bb5 Nge7 4. c3 d5 5. Nxe5 dxe4 6. O-O Qd5 7. Bxc6+ Nxc6 8.
Nxc6 Qxc6 9. Re1 Be6 10. Qc2 O-O-O 11. Qxe4 Bd5 12. Qg4+ Kb8 13. d4 h5 14. Qh3 Bd6 15. Na3 g5 16. c4 Be6 17. d5 Bxh3 18. dxc6 Be6 19. Bxg5 Rdg8 20. h4 bxc6 21. Re3 Rg6 22. Rae1 Rhg8 23. g3 Kc8 24. Rf3 Bb4 25. Rc1 a5 26.
Nc2 Bc5 27. Be3 Bd6 28. Nd4 Bd7 29. c5 Be5 30. Rxf7 Bxg3 31. fxg3 Rxg3+ 32. Kf2 Rg2+ 33.
Kf3 R2g3+ 34. Ke2 Re8 35. Rc3 Bg4+ 36. Kf2 Rh3 37. Nxc6 Rh2+ 38. Kg3 Rh3+ 39. Kg2 Rhxe3 40. Rxe3 Rxe3 41. Nxa5 Re2+ 42. Rf2 Rxb2 43. Rxb2 1-0